 Dungeon Crawl Stone Soup version 0.26-a0-658-gbdda728c12 (webtiles) character file.

Game seed: 6635196608598259059

485 tacoguy the Magician (level 6, -3/32 HPs)
             Began as a Deep Elf Conjurer on Oct 4, 2020.
             Was an Initiate of Ru.
             Killed by nerve-wracking pain
             ... invoked by an orc priest
              (11 damage)
             ... on level 3 of the Dungeon.
             The game lasted 00:13:40 (3215 turns).

tacoguy the Magician (Deep Elf Conjurer)            Turns: 3215, Time: 00:13:41

Health: -3/32      AC:  2    Str:  4    XL:     6   Next: 88%
Magic:  1/18       EV: 17    Int: 25    God:    Ru [......]
Gold:   112        SH:  0    Dex: 13    Spells: 8/19 levels left

rFire    . . .     SeeInvis .   c - +2 quarterstaff (chaos)
rCold    . . .     Faith    .   (shield currently unavailable)
rNeg     . . .     Spirit   .   a - +0 robe
rPois    .         Reflect  .   (no helmet)
rElec    .         Harm     .   (no cloak)
rCorr    .         Rampage  .   (no gloves)
MR       .....                  (no boots)
Stlth    ++........             (no amulet)
HPRegen  0.10/turn              d - +4 ring of evasion
MPRegen  0.16/turn              l - ring of wizardry

@: no status effects
A: no striking features
a: Renounce Religion


You were on level 3 of the Dungeon.
You worshipped Ru.
Ru was noncommittal.
You visited 1 branch of the dungeon, and saw 3 of its levels.

You collected 112 gold pieces.

Inventory:

Hand Weapons
 c - a +2 quarterstaff of chaos (weapon)
Armour
 a - a +0 robe (worn)
Jewellery
 d - a +4 ring of evasion (left hand)
 l - a ring of wizardry (right hand)
 o - an uncursed ring of protection from magic {unknown}
 p - a +6 ring of strength
Wands
 q - a wand of iceblast (11)
Scrolls
 b - 2 scrolls of remove curse
 f - a scroll of teleportation
 j - a scroll of fear {unknown}
 m - a scroll of immolation
Potions
 e - a potion of flight
 h - a potion of invisibility {unknown}
 i - 3 potions of brilliance {unknown}
 k - 2 potions of berserk rage {unknown}


   Skills:
 - Level 2.4 Dodging
 - Level 2.4 Stealth
 + Level 7.2 Spellcasting
 + Level 7.2 Conjurations


You had 8 spell levels left.
You knew the following spells:

 Your Spells              Type           Power        Failure   Level
a - Magic Dart            Conj           ####         1%          1
b - Searing Ray           Conj           #####.       1%          2
c - Fulminant Prism       Conj/Hex       ####......   6%          4
d - Iskenderun's Mystic   Conj/Tloc      ####....     6%          4

Your spell library contained the following spells:

 Spells                   Type           Power        Failure   Level
 Dazzling Flash           Conj/Hex       ####..       1%          3


Dungeon Overview and Level Annotations

Branches:
Dungeon (3/15)

Altars:
Makhleb
Ru
The Shining One


Message History

Casting: Iskenderun's Mystic Blast (quite dangerous; 6% risk of failure)
Confirm with . or Enter, or press ? or * to list all spells.
Aiming: Searing Ray (safe; 1% risk of failure)
Press: ? - help, Shift-Dir - straight line, f - orc
Aim: an orc, wielding a -3 war axe (severely wounded)
The searing ray hits the orc!
You kill the orc! (Press . to maintain the ray.)
You start resting.
An orc priest is nearby!
Casting: Searing Ray (safe; 1% risk of failure)
Confirm with . or Enter, or press ? or * to list all spells.
Aiming: Magic Dart (safe; 1% risk of failure)
Press: ? - help, Shift-Dir - straight line, f - orc priest
Aim: an orc priest, wielding a +0 falchion of venom and wearing a +0 leather armour (almost dead)
The magic dart hits the orc priest.
The orc priest is almost dead.
The orc priest mumbles some strange prayers to Beogh against you.
Pain shoots through your body!
You die...

#.# #.##.### #)#
##.##.# #.# #.....#
#.###).####
#########.(>...######
#.........(...>......
#.##########.#.######
#.####### #...#
#..(@..)# #####
#######o# #'# .o.
#.*.. #.o... #...o..
###...## ...#


You could see an orc priest.

Vanquished Creatures
  Sigmund (D:2)
  An ice beast (D:3)
  A centaur (D:3)
  Crazy Yiuf (D:2)
  An orc priest (D:3)
  3 adders
  A worm (D:3)
  2 dart slugs (D:1)
  2 leopard geckos (D:1)
  5 orcs (D:3)
  7 bats
  5 giant cockroaches
  6 goblins
  6 hobgoblins
  2 jackals (D:3)
  A ball python (D:2)
  2 kobolds (D:2)
  4 rats
51 creatures vanquished.

Vanquished Creatures (others)
  7 fulminant prisms
7 creatures vanquished.

Grand Total: 58 creatures vanquished

Notes
Turn   | Place    | Note
-------+----------+-------------------------------------------
     0 | D:1      | tacoguy the Deep Elf Conjurer began the quest for the Orb.
     0 | D:1      | Reached XP level 1. HP: 10/10 MP: 6/6
   347 | D:1      | Reached XP level 2. HP: 15/15 MP: 5/8
   377 | D:1      | Learned a level 2 spell: Searing Ray
   914 | D:1      | Reached skill level 5 in Conjurations
  1242 | D:2      | Reached XP level 3. HP: 19/19 MP: 6/10
  1278 | D:2      | Found a glowing golden altar of the Shining One.
  1551 | D:2      | Noticed Sigmund
  1563 | D:2      | Killed Sigmund
  1563 | D:2      | Reached skill level 5 in Spellcasting
  1563 | D:2      | Reached XP level 4. HP: 18/24 MP: 0/13
  1563 | D:2      | Reached XP level 5. HP: 21/28 MP: 0/15
  1640 | D:2      | Learned a level 4 spell: Fulminant Prism
  1645 | D:2      | Learned a level 4 spell: Iskenderun's Mystic Blast
  1717 | D:2      | Found a burning altar of Makhleb.
  1854 | D:2      | Found a runed translucent door.
  1855 | D:2      | Noticed Crazy Yiuf
  1979 | D:2      | Killed Crazy Yiuf
  2520 | D:3      | Noticed an ice beast
  2526 | D:3      | Killed an ice beast
  2526 | D:3      | Reached XP level 6. HP: 28/32 MP: 5/17
  2645 | D:3      | Found a sacrificial altar of Ru.
  2747 | D:3      | Became a worshipper of Ru the Awakened
  3215 | D:3      | Killed from afar by an orc priest

Illustrated notes

Levels and vault maps discovered:
D:1:      erik_arrival_orb_chamber, layout_loops_corners
D:2:      layout_basic, lemuel_crystal_altar, marbit_many_paths, uniq_sigmund,
          uniq_crazy_yiuf_cottage
D:3:      layout_basic, old_standard_altar

Skill      XL: |  1  2  3  4  5  6 |
---------------+-------------------+-----
Conjurations   | 5 6 7 |  7.2
Spellcasting   | 4 5 6 7 |  7.2
Dodging        | |  2.4
Stealth        | |  2.4

Action                   |  1- 3 |  4- 6 || total
-------------------------+-------+-------++-------
Melee: Scythe            |       |     1 ||     1
 Cast: Magic Dart        |    37 |    12 ||    49
       Searing Ray       |    13 |     9 ||    22
       Fulminant Prism   |       |     7 ||     7
       Iskenderun's Myst |       |     4 ||     4
  Use: Scroll            |     4 |     3 ||     7
Armor: Robe              |     1 |     1 ||     2
Dodge: Dodged            |     5 |     8 ||    13

Table legend: (Time is in decaauts)
 A = Elapsed time spent in this place.
 B = Non-inter-level travel time spent in this place.
 C = Inter-level travel time spent in this place.
 D = Time resting spent in this place.
 E = Time spent auto-exploring this place.
 F = Levels seen in this place.
 G = Mean time per level.
                   A        B        C        D        E       F      G
               +--------+--------+--------+--------+--------+-----+--------+
         Total |   3213 |   3079 |    134 |   1273 |   1574 |   3 | 1071.0 |
       Dungeon |   3213 |   3079 |    134 |   1273 |   1574 |   3 | 1071.0 |
               +--------+--------+--------+--------+--------+-----+--------+

Top non-repeatable levels by time:
     D:1: 1172 daAuts
     D:2: 1057 daAuts
     D:3: 983 daAuts
